 Dungeon Crawl Stone Soup version 0.27-a0-1448-g9c78c815f3 (webtiles) character file.

Game seed: 14617459806915070744

105 2tc the Ruffian (level 4, -6/35 HPs)
             Began as a Draconian Transmuter on July 5, 2021.
             Killed from afar by an orc wizard (8 damage)
             ... with a puff of flame
             ... on level 3 of the Dungeon.
             The game lasted 00:04:18 (2196 turns).

2tc the Ruffian (Draconian Transmuter)              Turns: 2196, Time: 00:04:18

Health: -6/35      AC:  5    Str: 13    XL:     4   Next: 53%
Magic:  5/7        EV: 12    Int: 13    God:
Gold:   69         SH:  0    Dex: 12    Spells: 4/7 levels left

rFire    . . .     SeeInvis .     - Unarmed
rCold    . . .     Faith    .   (no shield)
rNeg     . . .     Spirit   .   (armour unavailable)
rPois    .         Reflect  .   (helmet restricted)
rElec    .         Harm     .   (no cloak)
rCorr    .         Rampage  .   (no gloves)
Will     .....                  (no boots)
Stlth    +.........             (no amulet)
HPRegen  0.11/turn              (no ring)
MPRegen  0.10/turn              (no ring)

@: confused, wereblooded (expiring)
A: AC +5, unfitting armour, cold-blooded
a: no special abilities


You were on level 3 of the Dungeon.
You visited 1 branch of the dungeon, and saw 3 of its levels.

You collected 69 gold pieces.

Inventory:

Scrolls
 a - a scroll of identify


   Skills:
 - Level 1.1 Fighting
 - Level 1.7 Dodging
 * Level 5.4 Unarmed Combat
 - Level 2.0 Spellcasting
 - Level 2.0 Transmutations


You had 4 spell levels left.
You knew the following spells:

 Your Spells              Type           Power      Damage    Failure   Level
a - Beastly Appendage     Tmut           12%        N/A       11%         1
b - Wereblood             Tmut           6%         N/A       17%         2

Your spell library contained the following spells:

 Spells                   Type           Power      Damage    Failure   Level
 Magic Dart               Conj           4%         1d3       26%         1
 Pain                     Necr           4%         1d4       26%         1
 Call Imp                 Summ           1%         N/A       36%         2
 Spider Form              Tmut/Pois      1%         N/A       45%         3
 Mephitic Cloud           Conj/Pois/Air  1%         N/A       58%         3
 Ice Form                 Ice/Tmut       3%         N/A       86%         4
 Agony                    Necr           1%         N/A       100%        5
 Excruciating Wounds      Necr           0%         N/A       100%        5


Dungeon Overview and Level Annotations

Branches:
Dungeon (3/15)

Altars:

Annotations:
D:3 Grinder


Innate Abilities, Weirdness & Mutations

Your plain brown scales are hard. (AC +5)
You cannot fit into any form of body armour.
You are cold-blooded and may be slowed by cold attacks.


Message History

You hit Natasha.
You feel a bit better.
You kill Natasha!
Natasha growls in agony!
The crimson imp disappears in a puff of smoke!
The bat misses you. The bat barely misses you.
You hear some strange, mumbled words.
You are confused.
The orc hits you with a +0 club.
* * * LOW HITPOINT WARNING * * *
You miss something.
You howl as the wereblood boils in your veins!
The bat closely misses you. Something hits you but does no damage.
The orc hits you with a +0 club.
* * * LOW HITPOINT WARNING * * *
You miss something.
You howl as the wereblood boils in your veins!
Your primal bloodlust is almost over.
The bat closely misses you. Something hits you but does no damage.
The orc hits you with a +0 club.
* * * LOW HITPOINT WARNING * * *
You miss something.
You howl as the wereblood boils in your veins!
The bat completely misses you. Something hits you but does no damage.
The orc barely misses you.
You bump into the rock wall.
Something hits you but does no damage. The bat hits you but does no damage.
The orc hits you with a +0 club.
* * * LOW HITPOINT WARNING * * *
You bump into the rock wall.
The bat closely misses you. Something completely misses you.
The orc hits you but does no damage.
You miss the orc. The bat hits you but does no damage.
You hear some strange, mumbled words.
A magic dart appears from out of thin air!
The magic dart hits you.
* * * LOW HITPOINT WARNING * * *
The orc barely misses you.
You miss something. You punch something!
You hear some strange, mumbled words.
A puff of flame appears from out of thin air!
The puff of flame hits you!
You die...

#############
#...........#
#...........# .
#####...........# ...
###...............##....
.........................
.................<.......
#.........{b.......#####.
.........o@..........
..#......###.######.##
.........# #... ...
.#....... ..### .###
........... .+ .........
>....{....


You could see an orc and a bat.

Vanquished Creatures
  Natasha (D:3)
  Robin (D:2)
  An adder (D:3)
  A worm (D:2)
  A dart slug (D:2)
  3 orcs (D:3)
  4 ball pythons
  6 endoplasms
  A giant cockroach (D:1)
  12 goblins
  4 hobgoblins
  3 kobolds (D:1)
  A quokka (D:2)
  3 bats
  2 frilled lizards (D:1)
  4 rats
48 creatures vanquished.

Notes
Turn   | Place    | Note
-------+----------+-------------------------------------------
     0 | D:1      | 2tc the Draconian Transmuter began the quest for the Orb.
     0 | D:1      | Reached XP level 1. HP: 16/16 MP: 3/3
   125 | D:1      | Reached XP level 2. HP: 21/23 MP: 3/5
   128 | D:1      | Learned a level 2 spell: Wereblood
   876 | D:2      | Reached skill level 4 in Unarmed Combat
   937 | D:2      | Found a faded altar of an unknown god.
   980 | D:2      | Noticed Robin
   994 | D:2      | Killed Robin
   995 | D:2      | Reached XP level 3. HP: 19/28 MP: 3/6
  2030 | D:3      | Noticed Natasha
  2032 | D:3      | Noticed Grinder
  2119 | D:3      | Reached XP level 4. HP: 33/35 MP: 5/7
  2140 | D:3      | Reached skill level 5 in Unarmed Combat
  2189 | D:3      | Killed Natasha
  2196 | D:3      | Killed from afar by an orc wizard

Illustrated notes

Levels and vault maps discovered:
D:1:      dpeg_arrival_orchard, layout_loops_ring
D:2:      layout_loops_corners, shapermc_ecumenical_altar_flowoftime,
          minmay_strange_pillars, hangedman_glass_teeth, uniq_robin
D:3:      layout_basic, ebering_ghost_sewer_d, st_stairs_2, minmay_quantized,
          uniq_natasha, uniq_grinder

Skill      XL: |  1  2  3  4 |
---------------+-------------+-----
Unarmed Combat | 4 5 |  5.4
Fighting       | |  1.1
Dodging        | |  1.7
Spellcasting   | |  2.0
Transmutations | |  2.0

Action                   |  1- 3 |  4- 6 || total
-------------------------+-------+-------++-------
Melee: Unarmed           |    90 |    26 ||   116
       Headbutt          |     8 |     1 ||     9
       Tailslap          |     6 |     4 ||    10
       Kick              |    10 |     2 ||    12
       Punch             |     1 |     2 ||     3
 Cast: Beastly Appendage |    16 |     2 ||    18
       Wereblood         |     1 |     1 ||     2
  Use: Scroll            |     5 |       ||     5
       Potion            |       |     1 ||     1
 Stab: Sleeping          |     1 |       ||     1
Armor: Skin              |    19 |    31 ||    50
Dodge: Dodged            |    47 |    29 ||    76

Table legend: (Time is in decaauts)
 A = Elapsed time spent in this place.
 B = Non-inter-level travel time spent in this place.
 C = Inter-level travel time spent in this place.
 D = Time resting spent in this place.
 E = Time spent auto-exploring this place.
 F = Levels seen in this place.
 G = Mean time per level.
                   A        B        C        D        E       F      G
               +--------+--------+--------+--------+--------+-----+--------+
         Total |   2186 |   2058 |    128 |      0 |   1788 |   3 |  728.7 |
       Dungeon |   2186 |   2058 |    128 |      0 |   1788 |   3 |  728.7 |
               +--------+--------+--------+--------+--------+-----+--------+

Top non-repeatable levels by time:
     D:2: 1292 daAuts
     D:1: 789 daAuts
     D:3: 104 daAuts
